 Dungeon Crawl Stone Soup version 0.23-a0-171-g5ae17c6e89 (webtiles) character file.

592817 Rrauwl the Plane Walker (level 27, -13/168 HPs)
             Began as a Halfling Hunter on Sept 15, 2018.
             Was the Champion of Sif Muna.
             Killed from afar by an ancient lich (54 damage)
             ... with an iron shot
             ... on level 5 of the Realm of Zot.
             The game lasted 05:19:55 (76899 turns).

Rrauwl the Plane Walker (Halfling Hunter)          Turns: 76899, Time: 05:19:56

Health: -13/168    AC: 38    Str: 19    XL:     27
Magic:  25/32      EV: 26    Int: 21    God:    Sif Muna [******]
Gold:   3265       SH: 10    Dex: 22    Spells: 4/38 levels left

rFire    + . .     SeeInvis .   a - +3 eveningstar (drain)
rCold    + . .     Gourm    +   y - +2 buckler {AC+3}
rNeg     + . .     Faith    .   l - +5 chain mail of Eternity {rC+ rCorr}
rPois    +         Spirit   .   s - +2 helmet {Int+3}
rElec    +         Reflect  .   J - +2 cloak {rPois}
rCorr    +         Harm     .   p - +2 pair of gloves {Dex+3}
MR       ++++.                  r - +2 pair of boots of the Assassin {Detection Stab+ Stlth++}
Stlth    ++++......             O - amulet "Riemie" {Gourm rC+ Slay+3}
HPRegen  0.38/turn              L - ring "Ginteq" {Fire rElec}
MPRegen  0.23/turn              Y - ring "Inihi" {rN+ MR++ Str+4 Int+2}

@: drained
A: small, frail 1, mutation resistance 1
}: 3/15 runes: decaying, silver, gossamer
a: Divine Energy, Channel Magic, Forget Spell, Renounce Religion


You were on level 5 of the Realm of Zot.
You worshipped Sif Muna.
Sif Muna was exalted by your worship.
You were very full.

You visited 12 branches of the dungeon, and saw 53 of its levels.
You visited 1 bazaar.
You also visited: Labyrinth and Sewer.

You collected 5896 gold pieces.
You spent 2631 gold pieces at shops.

Inventory:

Hand Weapons
 a - a +3 eveningstar of draining (weapon)
 b - the +9 fustibalus of the Pit {velocity, +Inv rF+ Dex+4}
   (You found it on level 1 of the Depths)

   Any stone fired from it inflicts extra damage.
   It affects your dexterity (+4).
   It protects you from fire.
   It lets you turn invisible.
Missiles
 k - 4 throwing nets (quivered)
 u - 174 sling bullets
 Z - 38 stones
Armour
 l - the +5 chain mail of Eternity (worn) {rC+ rCorr}
   (You found it on level 6 of the Dungeon)

   It protects you from cold.
   It provides partial protection from all sources of acid and corrosion.
 p - a +2 pair of gloves of dexterity (worn)
 r - the +2 pair of boots of the Assassin (worn) {Detection Stab+ Stlth++}
   (You acquired it on level 3 of the Swamp)

   It makes you much more stealthy.
 s - a +2 helmet of intelligence (worn)
 y - a +2 buckler of protection (worn)
 J - a +2 cloak of poison resistance (worn)
Jewellery
 t - the ring of Fedhas's Scorn {-Tele Str+3 Int+4 SInv}
   (You took it off a yaktaur on level 5 of the Vaults)

   [ring of strength]

   It affects your strength (+3).
   It affects your intelligence (+4).
   It lets you see invisible.
   It prevents most forms of teleportation.
 L - the ring "Ginteq" (left hand) {Fire rElec}
   (You took it off an orc priest on level 1 of the Orcish Mines)

   [ring of fire]

   It enhances your fire magic.
   It protects you from fire.
   It makes you vulnerable to cold.
   It insulates you from electricity.
 O - the amulet "Riemie" (around neck) {Gourm rC+ Slay+3}
   (You took it off a deep elf annihilator on level 3 of the Elven Halls)

   [amulet of the gourmand]

   It allows you to eat raw meat even when not hungry.
   It affects your accuracy and damage with ranged weapons and melee attacks
   (+3).
   It protects you from cold.
 Y - the ring "Inihi" (right hand) {rN+ MR++ Str+4 Int+2}
   (You bought it in a shop on level 2 of the Orcish Mines)

   [ring of positive energy]

   It affects your strength (+4).
   It affects your intelligence (+2).
   It protects you from negative energy.
   It affects your resistance to hostile enchantments.
Wands
 f - a wand of paralysis (61)
 v - a wand of digging (46)
 w - a wand of scattershot (14)
 x - a wand of clouds (3)
 A - a wand of acid (10)
 C - a wand of iceblast (46)
 G - a wand of flame (94)
 H - a wand of enslavement (12)
 P - a wand of disintegration (7)
Scrolls
 h - 9 scrolls of teleportation
 i - 22 scrolls of identify
 j - 29 scrolls of remove curse
 o - 4 scrolls of fog
 K - 2 scrolls of magic mapping
 R - 3 scrolls of holy word
 S - 4 scrolls of fear
Potions
 d - 2 potions of heal wounds
 g - 2 potions of brilliance
 m - 4 potions of haste
 n - 18 potions of curing
 q - 11 potions of flight
 z - 7 potions of mutation
 B - 4 potions of cancellation
 F - a potion of agility
 I - a potion of magic
 M - 2 potions of resistance
 U - 6 potions of ambrosia
 V - 5 potions of might
Miscellaneous
 c - a lightning rod (4/4)
 D - a sack of spiders
 E - a crystal ball of energy
 N - 5 phantom mirrors
 Q - a lamp of fire
 W - 3 boxes of beasts
Comestibles
 e - 74 rations


   Skills:
 + Level 15.4(14.6) Fighting
 - Level 23.0(22.0) Slings
 - Level 20.0(19.1) Armour
 - Level 20.0(19.1) Dodging
 - Level 10.0(9.3) Stealth
 - Level 8.0(7.3) Shields
 - Level 6.0(5.3) Spellcasting
 - Level 5.0(4.4) Hexes
 - Level 4.0(3.4) Charms
 - Level 2.0(1.4) Summonings
 O Level 27(26.0) Translocations
 - Level 2.0(1.4) Transmutations
 - Level 4.0(3.4) Air Magic
 - Level 4.0(3.4) Earth Magic
 - Level 10.0(9.3) Invocations
 - Level 10.0(9.3) Evocations


You had 4 spell levels left.
You knew the following spells:

 Your Spells              Type           Power        Failure   Level  Hunger
a - Gell's Gravitas       Tloc           #######...   0%          3    ##.....
b - Portal Projectile     Hex/Tloc       ######       1%          3    ##.....
c - Passage of Golubria   Tloc           N/A          0%          4    ####...
d - Passwall              Tmut/Erth      ###.....     26%         2    None
e - Apportation           Tloc           ######       0%          1    None
f - Blink                 Tloc           N/A          0%          2    None
g - Summon Butterflies    Summ           ##......     26%         1    None
h - Disjunction           Tloc           #######...   7%          8    #######
i - Swiftness             Chrm/Air       ###.....     17%         2    None
j - Controlled Blink      Tloc           N/A          7%          8    #######

Your spell library contained the following spells:

 Spells                   Type           Power        Failure   Level  Hunger
 Lesser Beckoning         Tloc           #######...   0%          3    ##.....
 Teleport Other           Tloc           #######.     0%          3    ##.....
 Shroud of Golubria       Chrm/Tloc      ######....   1%          2    None
 Recall                   Summ/Tloc      N/A          1%          3    ##.....
 Force Lance              Conj/Tloc      ######..     2%          4    ####...
 Confusing Touch          Hex            ###...       8%          1    None
 Corona                   Hex            ###....      8%          1    None
 Infusion                 Chrm           ###.         12%         1    None
 Sandblast                Erth           ###...       12%         1    None
 Slow                     Hex            ###.....     12%         2    None
 Song of Slaying          Chrm           ###.....     17%         2    None
 Shock                    Conj/Air       ##..         24%         1    None
 Confuse                  Hex            ###.....     24%         3    ##.....
 Tukima's Dance           Hex            ###.....     24%         3    ##.....
 Beastly Appendage        Tmut           ##....       26%         1    None
 Summon Small Mammal      Summ           ##..         26%         1    None
 Ensorcelled Hibernation  Hex/Ice        ##....       28%         2    None
 Spectral Weapon          Hex/Chrm       ###.....     28%         3    ##.....
 Poisonous Vapours        Pois/Air       ##....       34%         2    None
 Call Imp                 Summ           ##......     36%         2    None
 Sticks to Snakes         Tmut           ##......     36%         2    None
 Summon Guardian Golem    Hex/Summ       ###.....     38%         3    ##.....
 Animate Skeleton         Necr           N/A          43%         1    None
 Flame Tongue             Conj/Fire      #....        43%         1    None
 Freeze                   Ice            #...         43%         1    None
 Magic Dart               Conj           #...         43%         1    None
 Pain                     Necr           #...         43%         1    None
 Sting                    Conj/Pois      #...         43%         1    None
 Dazzling Spray           Conj/Hex       ##....       50%         3    ##.....
 Inner Flame              Hex/Fire       ###.....     50%         3    ##.....
 Corpse Rot               Necr           N/A          56%         2    None
 Searing Ray              Conj           #.....       56%         2    None
 Sublimation of Blood     Necr           #.........   56%         2    None
 Throw Flame              Conj/Fire      #.....       56%         2    None
 Throw Frost              Conj/Ice       #.....       56%         2    None
 Ozocubu's Armour         Chrm/Ice       ##......     56%         3    ##.....
 Regeneration             Chrm/Necr      ##........   56%         3    ##.....
 Static Discharge         Conj/Air       ##......     56%         3    ##.....
 Stone Arrow              Conj/Erth      ##....       56%         3    ##.....
 Call Canine Familiar     Summ           ##......     61%         3    ##.....
 Cause Fear               Hex            ###.......   61%         4    ####...
 Mephitic Cloud           Conj/Pois/Air  ##......     65%         3    ##.....
 Leda's Liquefaction      Hex/Erth       ###.......   67%         4    ####...
 Spider Form              Tmut/Pois      #.........   71%         3    ##.....
 Airstrike                Air            ###.......   75%         4    ####...
 Conjure Flame            Conj/Fire      #.......     80%         3    ##.....
 Vampiric Draining        Necr           #.........   80%         3    ##.....
 Petrify                  Tmut/Erth      ###.....     86%         4    ####...
 Summon Lightning Spire   Summ/Air       ###.....     86%         4    ####...
 Fulminant Prism          Conj/Hex       ##........   88%         4    ####...
 Ice Form                 Ice/Tmut       #.......     98%         4    ####...
 Summon Ice Beast         Ice/Summ       #.......     98%         4    ####...
 Animate Dead             Necr           N/A          99%         4    ####...
 Sticky Flame             Conj/Fire      #.......     99%         4    ####...
 Throw Icicle             Conj/Ice       #.......     99%         4    ####...
 Dispersal                Tloc           #######...   1%          6    #######
 Summon Forest            Summ/Tloc      ######....   4%          5    #####..
 Malign Gateway           Summ/Tloc      ######....   80%         7    #######
 Silence                  Hex/Air        ###.......   95%         5    #####..
 Lee's Rapid Deconstruct  Erth           ###.......   97%         5    #####..
 Summon Mana Viper        Hex/Summ       ###.....     98%         5    #####..
 Yara's Violent Unravell  Hex/Tmut       ###.......   98%         5    #####..
 Metabolic Englaciation   Hex/Ice        ##........   99%         5    #####..
 Agony                    Necr           #.......     100%        5    #####..
 Aura of Abjuration       Summ           ##........   100%        5    #####..
 Blade Hands              Tmut           ##........   100%        5    #####..
 Bolt of Draining         Conj/Necr      #.........   100%        5    #####..
 Bolt of Magma            Conj/Fire/Erth ###.......   100%        5    #####..
 Borgnjor's Vile Clutch   Necr/Erth      ##........   100%        5    #####..
 Dispel Undead            Necr           #.......     100%        5    #####..
 Excruciating Wounds      Chrm/Necr      ##........   100%        5    #####..
 Fireball                 Conj/Fire      #.........   100%        5    #####..
 Irradiate                Conj/Tmut      #.........   100%        5    #####..
 Iskenderun's Battlesphe  Conj/Chrm      ##......     100%        5    #####..
 Lightning Bolt           Conj/Air       ##........   100%        5    #####..
 Summon Demon             Summ           ##........   100%        5    #####..
 Venom Bolt               Conj/Pois      #.........   100%        5    #####..
 Bolt of Cold             Conj/Ice       #.........   100%        6    #######
 Bolt of Fire             Conj/Fire      #.........   100%        6    #######
 Darkness                 Hex            ###.......   100%        6    #######
 Death Channel            Necr           #.........   100%        6    #######
 Deflect Missiles         Chrm/Air       ###.......   100%        6    #######
 Freezing Cloud           Conj/Ice/Air   ##........   100%        6    #######
 Hydra Form               Tmut           ##........   100%        6    #######
 Iron Shot                Conj/Erth      ##........   100%        6    #######
 Ozocubu's Refrigeration  Ice            #.........   100%        6    #######
 Shadow Creatures         Summ           N/A          100%        6    #######
 Simulacrum               Ice/Necr       #.........   100%        6    #######
 Statue Form              Tmut/Erth      ###......    100%        6    #######
 Dragon Form              Tmut           ##........   100%        7    #######
 Haunt                    Necr/Summ      #.........   100%        7    #######
 Orb of Destruction       Conj           #.........   100%        7    #######
 Ring of Flames           Chrm/Fire      ###.......   100%        7    #######
 Spellforged Servitor     Conj/Summ      #.........   100%        7    #######
 Summon Greater Demon     Summ           ##........   100%        7    #######
 Summon Hydra             Summ           ##........   100%        7    #######
 Borgnjor's Revivificati  Necr           #.........   100%        8    #######
 Chain Lightning          Conj/Air       ##........   100%        8    #######
 Discord                  Hex            ###.......   100%        8    #######
 Ignition                 Fire           #.........   100%        8    #######
 Lehudib's Crystal Spear  Conj/Erth      ##........   100%        8    #######
 Necromutation            Tmut/Necr      #.........   100%        8    #######
 Dragon's Call            Summ           ##........   100%        9    #######
 Fire Storm               Conj/Fire      #.........   100%        9    #######
 Glaciate                 Conj/Ice       #.........   100%        9    #######
 Shatter                  Erth           ###.......   100%        9    #######


Dungeon Overview and Level Annotations

Branches:
Dungeon (15/15)            Temple (1/1) D:7            Lair (6/6) D:10
  Swamp (4/4) Lair:4       Spider (4/4) Lair:2        Slime (2/5) Lair:5
    Orc (2/2) D:11            Elf (3/3) Orc:2        Vaults (5/5) D:13
  Crypt (1/3) Vaults:2     Depths (5/5) D:15            Zot (5/5) Depths:5

Altars:
Ashenzari
Cheibriados
Dithmenos
Elyvilon
Fedhas
Gozag
Hepliaklqana
Kikubaaqudgha
Makhleb
Nemelex Xobeh
Okawaru
Qazlal
Ru
Sif Muna
Trog
Uskayaw
Vehumet
Wu Jian
Xom
Yredelemnul
Zin
The Shining One
Beogh
Jiyva

Shops:
D:4 %   D:9 %   D:11 *   D:12 !!(*   Orc:2 :!=%*   Elf:1 %   Vaults:3 (
Vaults:4 }(   Depths:2 *   Depths:3 !

Portals:
Hell: Depths:1 Depths:2 Depths:3 Depths:4 Depths:5
Abyss: Depths:3 Depths:4 Depths:5
Pandemonium: Depths:2 Depths:3 Depths:4
Ziggurat: Depths:3

Annotations:
D:14 2 runed doors, Niukunk's ghost, journeyman MiBe
Lair:1 3 runed doors, Sergey's ghost, journeyman DDFi
Lair:6 Sergey's ghost, adept DDFi


Innate Abilities, Weirdness & Mutations

You are small and have problems with some larger weapons.
You are somewhat resistant to further mutation.
You are frail. (-10% HP)


Message History

The bolt of acid hits the tormentor.
The tormentor is splashed with acid.
The acid corrodes the tormentor!
The tormentor is heavily wounded.
The bolt of acid hits something.
The tormentor calls on the powers of darkness!
Your body is wracked with pain!
* * * LOW HITPOINT WARNING * * *
Unknown command.
You feel much better.
Unknown command.
Casting: Portal Projectile (safe; 1% risk of failure)
Confirm with . or Enter, or press ? or * to list all spells.
You blink.
The tormentor calls on the powers of darkness!
Your body is wracked with pain!
* * * LOW HITPOINT WARNING * * *
You hear some strange, mumbled words.
An iron shot appears from out of thin air!
The iron shot hits you!
You die...

########### ..........##
...........##
.......}....##
#########....##
##########....##
.........##....##
..........##....##
...........##...@##
....#####...#.....## ....#
##....2...)##
....#######..§{.....##
..........#.....((...##
..⌠.............(.(...##
................(......##
##..............(.......##
##..............(........##


You could see a tormentor.

Vanquished Creatures
  Mennas (Crypt:1)
  An orb of fire (Zot:5)
  3 ancient liches
  Boris (Depths:4)
  Xtahua (Depths:5)
  A curse toe (Zot:5)
  A caustic shrike (Depths:4)
  2 Killer Klowns (Zot:5)
  Jory (Vaults:5)
  Nikola (Swamp:1)
  Arachne (Spider:3)
  9 golden dragons
  7 liches
  2 electric golems (Zot:5)
  Jorgrun (Swamp:3)
  12 tentacled monstrosities
  Asterion (Depths:2)
  3 quicksilver dragons
  2 deep elf blademasters (Elf:3)
  A deep elf master archer (Elf:3)
  10 Orb Guardians (Zot:5)
  6 titans
  4 death cobs
  3 sphinxes
  Gastronok (Orc:1)
  8 shadow dragons
  8 storm dragons
  Kirke (Elf:1)
  4 tengu reavers
  A draconian monk (Depths:5)
  8 frost giants
  2 draconian scorchers (Zot:1)
  6 fire giants
  3 iron dragons (Vaults:5)
  4 ghost moths
  Louise (Swamp:3)
  9 deep elf sorcerers
  A balrug (Depths:3)
  14 vault wardens
  5 deep elf elementalists
  10 emperor scorpions
  A draconian stormcaller (Zot:1)
  2 ghouls (Crypt:1)
  3 spriggan defenders
  4 entropy weavers
  3 draconian annihilators
  16 ironheart preservers
  22 very ugly things
  2 war gargoyles (Vaults:5)
  3 vampire knights
  24 stone giants
  3 green draconians
  5 deep elf demonologists
  A black draconian (Zot:5)
  2 red draconians (Depths:5)
  2 minotaurs
  Azrael (D:13)
  2 purple draconians
  13 deep elf annihilators
  12 spark wasps
  4 eidola
  A white draconian (Zot:1)
  2 yellow draconians
  11 ettins
  5 jiangshi (Crypt:1)
  13 fire dragons
  A fire dragon (shapeshifter) (Vaults:3)
  14 deep elf death magi
  8 great orbs of eyes
  The ghost of Sergey the Cleaver, a journeyman DDFi of Makhleb (Orc:1)
  4 rakshasas
  8 deep elf high priests
  22 yaktaur captains
  13 ice dragons
  A ghost crab (Swamp:1)
  35 vault guards
  25 hydras
  Erica (Orc:1)
  A hydra (shapeshifter) (Depths:4)
  A catoblepas (Lair:6)
  A spriggan air mage (Depths:3)
  3 death knights
  3 shambling mangroves
  38 two-headed ogres
  8 centaur warriors
  An anaconda (shapeshifter) (Depths:3)
  14 ogre magi
  A small abomination (Vaults:5)
  7 death yaks
  11 deep troll earth magi
  10 deep troll shamans
  A tengu warrior (Depths:4)
  5 spriggan berserkers
  10 alligators
  33 dancing weapons
  3 vampire magi
  6 orc high priests
  28 deep elf knights
  A soul eater (Crypt:1)
  2 sun demons (Depths:3)
  A shock serpent (shapeshifter) (Depths:4)
  Nergalle (Orc:1)
  3 iron trolls
  A death drake (shapeshifter) (Depths:5)
  A storm dragon skeleton (Vaults:2)
  3 hell knights
  14 skeletal warriors
  3 spriggan druids (Swamp:4)
  9 wizards
  3 lindwurms (Swamp:4)
  30 deep trolls
  4 glowing orange brains
  7 phantasmal warriors
  A sea snake (shapeshifter) (Depths:1)
  A spark wasp zombie (Crypt:1)
  An unseen horror (D:12)
  5 harpies (Vaults:2)
  An orange crystal statue (Depths:2)
  4 flayed ghosts
  Pikel (D:7)
  14 swamp dragons
  14 ironbrand convokers
  20 deep elf archers
  A mana viper (shapeshifter) (Vaults:5)
  17 orc knights
  A harpy (shapeshifter) (Vaults:1)
  8 necromancers
  A wolf spider zombie (D:13)
  32 wolf spiders
  87 deep elf magi
  38 ugly things
  An orb spider (shapeshifter) (Depths:1)
  6 orc sorcerers
  A fire giant zombie (Depths:2)
  A tengu skeleton (Vaults:3)
  A faun (shapeshifter) (Vaults:5)
  17 orb spiders
  9 cyclopes
  2 moths of wrath (shapeshifter)
  2 salamanders (shapeshifter) (Vaults:3)
  A frost giant zombie (Crypt:1)
  6 elephants
  A human skeleton (Vaults:2)
  A black mamba (shapeshifter) (Vaults:5)
  16 vault sentinels
  13 moths of wrath
  A guardian serpent (shapeshifter) (Vaults:5)
  5 black mambas
  A stone giant skeleton (Vaults:3)
  A catoblepas zombie (Crypt:1)
  2 spiny frogs (shapeshifter)
  A torpor snail (shapeshifter) (Depths:5)
  2 torpor snails
  3 gargoyles
  17 spiny frogs
  A pale draconian zombie (Crypt:1)
  6 freezing wraiths
  2 centaur skeletons (D:15)
  A rime drake (shapeshifter) (Vaults:2)
  2 kobold demonologists (D:15)
  An efreet (D:14)
  17 demonic crawlers
  2 rime drakes
  A white draconian skeleton (Crypt:1)
  A golden dragon simulacrum (Depths:2)
  67 yaktaurs
  An entropy weaver simulacrum (Vaults:1)
  6 komodo dragons
  A jumping spider (shapeshifter) (D:13)
  A queen bee (shapeshifter) (Vaults:4)
  10 trolls
  40 jumping spiders
  3 meliai (Spider:2)
  A moth of wrath zombie (Crypt:1)
  A queen bee (Depths:4)
  9 blink frogs
  A blink frog (shapeshifter) (Vaults:3)
  4 polar bears
  A tyrant leech (shapeshifter) (Vaults:5)
  A frost giant simulacrum (Vaults:3)
  19 tyrant leeches
  25 hornets
  42 slime creatures
  A meliai zombie (D:14)
  5 bog bodies
  A dream sheep (shapeshifter) (Vaults:2)
  2 harpy skeletons
  14 hippogriffs
  A raiju (shapeshifter) (Vaults:5)
  An alligator zombie (Crypt:1)
  An ettin skeleton (Vaults:3)
  A spriggan (shapeshifter) (Depths:3)
  A redback (shapeshifter) (Depths:2)
  51 redbacks
  An ice dragon skeleton (Crypt:1)
  12 spriggans
  39 yaks
  27 tarantellas
  6 wyverns
  6 basilisks
  2 shadows
  8 fire elementals
  14 water elementals
  9 wraiths
  3 hogs (Elf:1)
  Grum (D:8)
  6 hungry ghosts
  A steam dragon (D:11)
  20 vampire mosquitoes
  Edmund (D:4)
  A two-headed ogre zombie (D:11)
  5 wargs
  23 insubstantial wisps
  A soldier ant (shapeshifter) (Vaults:3)
  17 swamp worms
  2 acid dragons
  5 hell hounds
  10 water moccasins
  A water moccasin (shapeshifter) (Vaults:4)
  A floating eye (Depths:3)
  A meliai simulacrum (D:15)
  7 porcupines
  10 swamp drakes
  An ice beast (D:9)
  4 slaves (D:7)
  32 orc warriors
  2 black bears
  4 sky beasts
  4 phantoms
  39 ogres
  7 boggarts
  2 necrophages
  9 wolves
  9 centaurs
  11 crocodiles
  7 big kobolds
  A human zombie (Vaults:2)
  A bullfrog (shapeshifter) (Vaults:3)
  21 bullfrogs
  An earth elemental (Elf:2)
  A salamander skeleton (Crypt:1)
  2 glowing shapeshifter simulacra (Depths:2)
  A water moccasin zombie (D:5)
  2 troll zombies (D:11)
  An elf simulacrum (Vaults:3)
  7 scorpions
  A spriggan zombie (Crypt:1)
  13 wights
  33 killer bees
  5 electric eels
  A quasit (D:11)
  2 howler monkeys
  4 crimson imps
  3 centaur zombies
  3 bullfrog zombies
  4 jellies
  18 orc priests
  8 hounds
  24 orc wizards
  3 bullfrog skeletons
  2 iguanas
  4 hell rats (Lair:2)
  7 worker ants
  A killer bee zombie (D:6)
  5 ogre zombies (D:11)
  A big kobold skeleton (Crypt:1)
  4 hound skeletons
  2 worker ant zombies
  11 gnolls
  12 adders
  5 river rats (Sewer)
  6 shadow imps
  2 white imps (Vaults:3)
  8 oozes
  An ooze (shapeshifter) (Vaults:5)
  4 dart slugs
  9 worms
  9 leopard geckos
  91 orcs
  5 ball pythons (Sewer)
  7 giant cockroaches
  8 goblins
  6 hobgoblins
  4 jackals (D:4)
  4 quokkas
  A quokka (shapeshifter) (Vaults:5)
  10 bats
  6 frilled lizards
  2 goblin skeletons (D:11)
  3 goblin zombies (D:11)
  A hobgoblin skeleton (D:11)
  A hobgoblin zombie (D:11)
  22 kobolds
  5 orc skeletons (D:11)
  13 orc zombies (D:11)
  2 quokka skeletons
  8 rats
  A bush (Lair:4)
  3 crawling corpses (Vaults:5)
  A fungus (Elf:2)
  13 plants
2264 creatures vanquished.

Vanquished Creatures (collateral kills)
  Margery (Depths:4)
  A storm dragon (Depths:4)
  3 death yaks (Lair:5)
  A spriggan berserker (Depths:4)
  A hell knight (Depths:4)
  A deep elf mage (Depths:4)
  2 slime creatures (Swamp:4)
  A tyrant leech (Swamp:1)
  A vampire mosquito (Swamp:1)
  A plant (Lair:5)
13 creatures vanquished.

Vanquished Creatures (others)
  A sphinx (Vaults:5)
  The ghost of syranez the Thaumaturge, a novice DEEE of Sif Muna (D:7)
  A deep elf archer (Elf:2)
  A phantasmal warrior (Vaults:4)
  An ironbrand convoker (Vaults:5)
  A water elemental (Elf:1)
  A soldier ant (D:12)
  A scorpion (D:6)
  A giant cockroach (D:6)
  24 fungi
  39 plants
72 creatures vanquished.

Grand Total: 2349 creatures vanquished

Notes
Turn   | Place    | Note
-------+----------+-------------------------------------------
     0 | D:1      | Rrauwl the Halfling Hunter began the quest for the Orb.
     0 | D:1      | Reached XP level 1. HP: 14/14 MP: 1/1
    48 | D:1      | Reached XP level 2. HP: 19/19 MP: 2/2
   290 | D:1      | Reached skill level 1 in Armour
   290 | D:1      | Reached XP level 3. HP: 24/24 MP: 3/3
   885 | D:2      | Reached XP level 4. HP: 29/29 MP: 4/4
   961 | D:2      | Found a sparkling altar of Nemelex Xobeh.
  1261 | D:2      | Reached XP level 5. HP: 15/34 MP: 5/5
  1747 | D:3      | You fall through a shaft!
  1747 | D:4      | Noticed an ogre
  1782 | D:4      | Found Hianwage's Food Boutique.
  1793 | D:4      | Noticed an ogre
  1794 | D:4      | Found a shattered altar of Ashenzari.
  1839 | D:3      | Found a glowing drain.
  1927 | Sewer    | Entered a sewer
  2024 | Sewer    | Noticed a big kobold
  2036 | Sewer    | Killed a big kobold
  2036 | Sewer    | Reached XP level 6. HP: 39/39 MP: 6/6
  2679 | Sewer    | Reached XP level 7. HP: 45/45 MP: 7/7
  2717 | Sewer    | Reached skill level 5 in Armour
  2979 | D:3      | Found a faded altar of an unknown god.
  2985 | D:3      | Became a worshipper of Sif Muna the Loreminder
  2985 | D:3      | Reached * piety under Sif Muna
  3101 | D:3      | Found a sacrificial altar of Ru.
  3439 | D:4      | Reached XP level 8. HP: 48/50 MP: 8/8
  3590 | D:4      | Noticed Edmund
  3665 | D:4      | Killed Edmund
  3665 | D:4      | Reached skill level 10 in Slings
  3851 | D:4      | Found a white marble altar of Elyvilon.
  3878 | D:4      | Reached skill level 1 in Invocations
  4118 | D:4      | Found an ancient bone altar of Kikubaaqudgha.
  4173 | D:5      | Entered Level 5 of the Dungeon
  4671 | D:5      | Reached XP level 9. HP: 28/54 MP: 9/11
  4760 | D:5      | Found a stormy altar of Qazlal.
  5812 | D:6      | Reached skill level 5 in Dodging
  5911 | D:6      | Found a burning altar of Makhleb.
  5941 | D:6      | Got a dazzling chain mail
  5952 | D:6      | Identified the +5 chain mail of Eternity {rC+ rCorr} (You
                  | found it on level 6 of the Dungeon)
  6223 | D:6      | Found a shimmering altar of Xom.
  6351 | D:6      | Got a heavily runed platinum ring
  6352 | D:6      | Identified the ring "Ekhemuno" {rF+ Dex+2} (You found it on
                  | level 6 of the Dungeon)
  6673 | D:7      | Found a bloodstained altar of Trog.
  7155 | D:7      | Learned a level 3 spell: Gell's Gravitas
  7201 | D:7      | Noticed Pikel
  7232 | D:7      | Killed Pikel
  7232 | D:7      | Reached ** piety under Sif Muna
  7232 | D:7      | Reached skill level 1 in Spellcasting
  7232 | D:7      | Reached skill level 1 in Translocations
  7232 | D:7      | Reached XP level 10. HP: 59/60 MP: 13/13
  7270 | D:7      | Reached skill level 2 in Translocations
  7342 | D:7      | Found a staircase to the Ecumenical Temple.
  7487 | Temple   | Entered the Ecumenical Temple
  7580 | D:7      | Found a runed door.
  7581 | D:7      | Found a shimmering altar of Xom.
  7581 | D:7      | Noticed syranez's ghost (novice DEEE)
  7582 | D:7      | Noticed a rapier of chaos
  8026 | D:7      | Found a radiant altar of Vehumet.
  8098 | D:7      | You fall through a shaft for 3 floors!
  8098 | D:10     | Entered Level 10 of the Dungeon
  8173 | D:9      | Reached skill level 3 in Translocations
  8185 | D:9      | Found Durgh's Food Shoppe.
  8273 | D:8      | Noticed Grum
  8275 | D:8      | Reached skill level 4 in Translocations
  8293 | D:8      | Killed Grum
  8787 | D:8      | Identified the Volume of Quantum Protection
  8793 | D:8      | Learned a level 3 spell: Portal Projectile
  8798 | D:8      | Learned a level 4 spell: Passage of Golubria
  8986 | D:8      | Reached skill level 5 in Translocations
  9553 | D:9      | Reached skill level 6 in Translocations
  9591 | D:9      | Reached *** piety under Sif Muna
  9601 | D:9      | Reached skill level 7 in Translocations
  9970 | D:9      | Reached XP level 11. HP: 49/64 MP: 14/14
  9979 | D:9      | Reached skill level 8 in Translocations
 10016 | D:9      | Reached skill level 1 in Hexes
 10034 | D:9      | Found a hide-covered altar of Uskayaw.
 10049 | D:9      | Got a steaming hunting sling
 10050 | D:9      | Identified the +7 hunting sling of Evisceration {venom,
                  | rC+} (You found it on level 9 of the Dungeon)
 10247 | D:9      | Reached skill level 1 in Evocations
 11057 | D:10     | Reached **** piety under Sif Muna
 11082 | D:10     | Found a staircase to the Lair.
 11434 | Lair:1   | Entered Level 1 of the Lair of Beasts
 11609 | Lair:1   | Found a runed gate.
 11609 | Lair:1   | Found a runed gate.
 11609 | Lair:1   | Found a runed gate.
 11611 | Lair:1   | Noticed Sergey's ghost (journeyman DDFi)
 11726 | Lair:1   | Learned a level 2 spell: Passwall
 11775 | Lair:1   | Reached skill level 10 in Armour
 11775 | Lair:1   | Reached skill level 10 in Dodging
 12498 | Lair:2   | Reached skill level 9 in Translocations
 12498 | Lair:2   | Reached XP level 12. HP: 70/70 MP: 15/15
 12678 | Lair:2   | Noticed a seven-headed hydra
 12703 | Lair:2   | Killed a seven-headed hydra
 12703 | Lair:2   | Reached skill level 10 in Translocations
 12742 | Lair:2   | Noticed a six-headed hydra
 12855 | Lair:2   | Noticed a six-headed hydra
 12957 | Lair:2   | Reached ***** piety under Sif Muna
 13282 | Lair:2   | Noticed a seven-headed hydra
 13297 | Lair:2   | Killed a seven-headed hydra
 13731 | Lair:2   | Found a hole to the Spider Nest.
 13950 | Lair:3   | Reached skill level 5 in Invocations
 13961 | Lair:3   | Got a slimy leather armour
 13972 | Lair:3   | Identified the +1 leather armour "Tougua Bymua" {+Blink
                  | rPois rF+++ MR-} (You found it on level 3 of the Lair of
                  | Beasts)
 14002 | Lair:3   | Identified Sif Muna's Tome of Unstable Necromancy (Sif Muna
                  | gifted it to you on level 3 of the Lair of Beasts)
 14002 | Lair:3   | Received a gift from Sif Muna
 14162 | Lair:3   | Learned a level 1 spell: Apportation
 14165 | Lair:3   | Learned a level 2 spell: Blink
 14268 | Lair:3   | Reached skill level 11 in Translocations
 14462 | Lair:3   | Noticed a four-headed hydra
 14479 | Lair:3   | Killed a four-headed hydra
 14983 | Lair:4   | Noticed a seven-headed hydra
 14994 | Lair:4   | Killed a seven-headed hydra
 14994 | Lair:4   | Reached skill level 12 in Translocations
 14994 | Lair:4   | Reached XP level 13. HP: 65/77 MP: 17/17
 15176 | Lair:4   | Found a labyrinth entrance.
 15177 | Lair:4   | Noticed a six-headed hydra
 15186 | Lair:4   | Killed a six-headed hydra
 15202 | Lab      | Entered a labyrinth
 15622 | Lab      | Noticed a minotaur
 15654 | Lab      | Killed a minotaur
 15654 | Lab      | Reached skill level 13 in Translocations
 15674 | Lab      | Identified the Disquisition on Lucky Hexes
 15675 | Lab      | Got a glittering lead amulet
 15680 | Lab      | Identified the amulet of Xom's Passing Interest {Gourm
                  | rPois rF- Str+8 Stlth-} (You found it in a labyrinth)
 15775 | Lair:4   | Found a staircase to the Swamp.
 16351 | Lair:5   | Reached skill level 5 in Fighting
 16839 | Lair:5   | Found a staircase to the Slime Pits.
 16840 | Lair:5   | Found a viscous altar of Jiyva.
 16902 | Lair:5   | Identified a scroll of acquirement
 16903 | Lair:5   | Got a scorched fustibalus
 16904 | Lair:5   | Identified the +7 fustibalus of Judgement {venom, rN+
                  | Str+6} (You acquired it on level 5 of the Lair of Beasts)
 17444 | Lair:6   | Entered Level 6 of the Lair of Beasts
 17571 | Lair:6   | Found a runed gate.
 17571 | Lair:6   | Found a runed gate.
 17573 | Lair:6   | Found a runed gate.
 17588 | Lair:6   | Noticed a minotaur
 17606 | Lair:6   | Noticed a seven-headed hydra
 17608 | Lair:6   | Reached XP level 14. HP: 81/94 MP: 19/19
 17614 | Lair:6   | Noticed Sergey's ghost (adept DDFi)
 18776 | Lair:5   | Identified Sif Muna's Handbook of the Dusty Birds (Sif Muna
                  | gifted it to you on level 5 of the Lair of Beasts)
 18776 | Lair:5   | Received a gift from Sif Muna
 18816 | Lair:5   | Reached skill level 5 in Hexes
 18823 | Lair:5   | Killed a minotaur
 19878 | D:11     | Found a staircase to the Orcish Mines.
 20143 | D:11     | Found Mommagha's Assorted Antiques.
 20166 | D:11     | Bought 2 blue potions for 37 gold pieces
 20166 | D:11     | Bought a wand of acid (7) for 168 gold pieces
 20166 | D:11     | Bought a potion of heal wounds for 105 gold pieces
 20272 | D:11     | Reached skill level 15 in Slings
 20720 | D:12     | Found an opulent altar of Gozag.
 20728 | D:12     | Reached skill level 1 in Shields
 20753 | D:12     | Found Vakhearu's Weapon Shop.
 20773 | D:12     | Found Assesy's Distillery.
 20789 | D:12     | Bought a potion of heal wounds for 60 gold pieces
 20832 | D:12     | Found Aczenn's Distillery.
 20864 | D:12     | Bought a potion of heal wounds for 60 gold pieces
 20864 | D:12     | Bought a potion of heal wounds for 60 gold pieces
 20864 | D:12     | Bought a potion of heal wounds for 60 gold pieces
 21336 | D:12     | Found Reyxzy's General Store.
 21351 | D:12     | Bought a scroll of fear for 52 gold pieces
 21351 | D:12     | Bought a scroll of teleportation for 45 gold pieces
 21351 | D:12     | Bought a scroll of fear for 52 gold pieces
 21774 | D:13     | Noticed Azrael
 21780 | D:12     | Reached XP level 15. HP: 99/103 MP: 21/21
 21881 | D:13     | Killed Azrael
 21902 | D:13     | Found a shattered altar of Ashenzari.
 22065 | D:13     | Reached skill level 10 in Fighting
 22372 | D:13     | Found a gate to the Vaults.
 22445 | D:13     | Reached skill level 5 in Shields
 23080 | D:13     | Identified the +6 chain mail of Varica {Regen+} (You found
                  | it on level 13 of the Dungeon)
 24302 | D:14     | Found a runed door.
 24305 | D:14     | Found a runed door.
 24422 | D:14     | Noticed a tengu reaver
 24422 | D:14     | Noticed a sphinx
 24423 | D:14     | Noticed a lich
 24423 | D:14     | Noticed Niukunk's ghost (journeyman MiBe)
 24657 | Orc:1    | Entered Level 1 of the Orcish Mines
 24676 | Orc:1    | Reached XP level 16. HP: 109/109 MP: 22/22
 24747 | Orc:1    | Noticed Gastronok
 24784 | Orc:1    | Killed Gastronok
 24784 | Orc:1    | Identified Yluyssam's Catalogue of Translocation and
                  | Creation (Sif Muna gifted it to you on level 1 of the
                  | Orcish Mines)
 24784 | Orc:1    | Received a gift from Sif Muna
 24945 | Orc:1    | Learned a level 1 spell: Summon Butterflies
 25000 | Orc:1    | Noticed Erica
 25009 | Orc:1    | Killed Erica
 25032 | Orc:1    | Found a runed gate.
 25032 | Orc:1    | Found a runed gate.
 25032 | Orc:1    | Found a runed gate.
 25033 | Orc:1    | Noticed Nergalle
 25045 | Orc:1    | Killed Nergalle
 25076 | Orc:1    | Noticed Sergey's ghost (journeyman DDFi)
 25132 | Orc:1    | Found a roughly hewn altar of Beogh.
 25523 | Orc:1    | Killed Sergey's ghost
 25533 | Orc:1    | Got a crude copper ring
 25632 | Orc:1    | Identified the ring "Ginteq" {Fire rElec} (You took it off
                  | an orc priest on level 1 of the Orcish Mines)
 25680 | Orc:1    | Identified the +3 chain mail of the Tortoise {SInv} (You
                  | took it off an orc knight on level 1 of the Orcish Mines)
 25702 | Orc:2    | Entered Level 2 of the Orcish Mines
 25757 | Orc:2    | Found Bathuw's Assorted Antiques.
 26021 | Orc:2    | Reached skill level 1 in Summonings
 26140 | Orc:2    | Found a staircase to the Elven Halls.
 26785 | Orc:2    | Found Roonarint's Distillery.
 26785 | Orc:2    | Found Luaz's Book Emporium.
 26787 | Orc:2    | Found Kudoo's Food Boutique.
 26787 | Orc:2    | Found Ceocergh's Jewellery Boutique.
 26806 | Orc:2    | Bought a cursed ring of teleportation for 49 gold pieces
 26806 | Orc:2    | Bought the ring "Inihi" {rN+ MR++ Str+4 Int+2} for 528 gold
                  | pieces
 26820 | Orc:2    | Bought a potion of heal wounds for 75 gold pieces
 26820 | Orc:2    | Bought a potion of agility for 60 gold pieces
 26820 | Orc:2    | Bought a potion of heal wounds for 75 gold pieces
 26820 | Orc:2    | Bought 2 potions of might for 120 gold pieces
 26820 | Orc:2    | Bought a potion of haste for 150 gold pieces
 27119 | Slime:1  | Entered Level 1 of the Pits of Slime
 27230 | Slime:1  | Reached skill level 5 in Evocations
 27292 | Slime:1  | Noticed an acid blob
 27298 | Slime:2  | Noticed an acid blob
 27401 | Slime:1  | Noticed an azure jelly
 27447 | Swamp:1  | Entered Level 1 of the Swamp
 27899 | Swamp:1  | Noticed Nikola
 27916 | Swamp:1  | Killed Nikola
 28026 | Swamp:1  | Reached XP level 17. HP: 113/117 MP: 23/23
 28168 | Swamp:1  | Reached skill level 5 in Stealth
 29408 | Swamp:3  | Noticed Jorgrun
 29423 | Swamp:3  | Killed Jorgrun
 30286 | Swamp:3  | Identified Viptusud's Papyrus of Hurtful Beguiling (Sif
                  | Muna gifted it to you on level 3 of the Swamp)
 30286 | Swamp:3  | Received a gift from Sif Muna
 30307 | Swamp:3  | Learned a level 8 spell: Disjunction
 30316 | Swamp:3  | Found the +2 pair of boots of the Assassin {Detection Stab+
                  | Stlth++}
 30441 | Swamp:3  | Noticed Louise
 30457 | Swamp:3  | Killed Louise
 30951 | Swamp:4  | Entered Level 4 of the Swamp
 31578 | Swamp:4  | Reached skill level 14 in Translocations
 31963 | Swamp:4  | Reached XP level 18. HP: 117/126 MP: 24/24
 32170 | Swamp:4  | Got a decaying rune of Zot
 32818 | Elf:1    | Entered Level 1 of the Elven Halls
 33165 | Elf:1    | Found Zauxaf's Food Emporium.
 33263 | Elf:1    | Noticed Kirke
 33289 | Elf:1    | Reached skill level 15 in Translocations
 33639 | Elf:1    | Noticed a Hell Sentinel
 33639 | Elf:1    | Received a gift from Sif Muna
 33732 | Elf:1    | Killed Kirke
 34274 | Elf:1    | Reached skill level 16 in Translocations
 34522 | Elf:2    | Reached skill level 17 in Translocations
 34848 | Elf:2    | Reached ****** piety under Sif Muna
 34848 | Elf:2    | Reached XP level 19. HP: 72/131 MP: 25/25
 35496 | Elf:2    | Received a gift from Sif Muna
 35854 | Elf:2    | Identified the cursed -3 large shield of Jenn {rPois Str-4
                  | Dex+5} (You found it on level 2 of the Elven Halls)
 36010 | Elf:2    | Found a runed gate.
 36010 | Elf:2    | Found a runed gate.
 36010 | Elf:2    | Found a runed gate.
 36080 | Elf:2    | Reached skill level 18 in Translocations
 37020 | Elf:3    | Entered Level 3 of the Elven Halls
 37560 | Elf:3    | Reached skill level 19 in Translocations
 37629 | Elf:3    | Identified Sif Muna's Papyrus of Attacks and Feathers (Sif
                  | Muna gifted it to you on level 3 of the Elven Halls)
 37629 | Elf:3    | Received a gift from Sif Muna
 37636 | Elf:3    | Learned a level 2 spell: Swiftness
 38313 | Elf:3    | Reached skill level 20 in Translocations
 38336 | Elf:3    | Noticed a deep elf blademaster
 38359 | Elf:3    | Killed a deep elf blademaster
 38537 | Elf:3    | Noticed a deep elf blademaster
 38570 | Elf:3    | Killed a deep elf blademaster
 38570 | Elf:3    | Reached XP level 20. HP: 95/137 MP: 23/26
 39297 | Elf:3    | Got a twitching ruby amulet
 39316 | Elf:3    | Identified the amulet "Riemie" {Gourm rC+ Slay+3} (You took
                  | it off a deep elf annihilator on level 3 of the Elven
                  | Halls)
 39317 | Elf:3    | Identified the amulet "Awur" {Spirit rPois rN+ Str-5 Int+2}
                  | (You took it off a deep elf blademaster on level 3 of the
                  | Elven Halls)
 39419 | Elf:3    | Identified the ring "Suiq" {rC+ rN+} (You took it off a
                  | deep elf death mage on level 3 of the Elven Halls)
 39536 | Elf:3    | Identified the amulet of the Firefly {Inacc Int+6} (You
                  | found it on level 3 of the Elven Halls)
 40092 | Elf:3    | Identified the ring of Wishful Thinking {+Fly rElec rPois
                  | rC++ Slay-5} (You took it off a deep elf mage on level 3 of
                  | the Elven Halls)
 40294 | Spider:1 | Entered Level 1 of the Spider Nest
 42261 | Spider:3 | Noticed Arachne
 43502 | Spider:3 | Reached XP level 21. HP: 110/143 MP: 27/27
 44444 | Spider:3 | Identified Paaqunu's Grimoire of Entrancing Dislocation
                  | (Sif Muna gifted it to you on level 3 of the Spider Nest)
 44444 | Spider:3 | Received a gift from Sif Muna
 44615 | Spider:3 | Killed Arachne
 45195 | Spider:4 | Entered Level 4 of the Spider Nest
 45475 | Spider:4 | Reached skill level 15 in Dodging
 45649 | Spider:4 | Reached skill level 15 in Armour
 47336 | Spider:4 | Got a gossamer rune of Zot
 47582 | D:15     | Entered Level 15 of the Dungeon
 47785 | D:15     | Reached skill level 21 in Translocations
 47787 | D:15     | Found a blossoming altar of Fedhas.
 48072 | D:15     | Identified Tumuruf's Catalogue of Beguiling (Sif Muna
                  | gifted it to you on level 15 of the Dungeon)
 48072 | D:15     | Received a gift from Sif Muna
 48532 | D:15     | Found a staircase to the Depths.
 48563 | Depths:1 | Entered Level 1 of the Depths
 48922 | Depths:1 | Found a gateway to Hell.
 49493 | Depths:1 | Reached XP level 22. HP: 148/148 MP: 28/28
 49835 | Depths:1 | Reached skill level 22 in Translocations
 50023 | Depths:1 | Reached skill level 1 in Charms
 50308 | Depths:1 | Received a gift from Sif Muna
 50590 | Depths:1 | Identified the +9 fustibalus of the Pit {velocity, +Inv rF+
                  | Dex+4} (You found it on level 1 of the Depths)
 50873 | Depths:1 | Reached skill level 5 in Spellcasting
 51270 | Depths:2 | Noticed Asterion
 51732 | Depths:2 | Found a gateway to a bazaar.
 51739 | Bazaar   | Entered a bazaar
 51865 | Bazaar   | Found Jilang's Book Emporium.
 51865 | Bazaar   | Found Qerad's Antique Armour Emporium.
 51902 | Bazaar   | Found Jygacs's Gadget Shoppe.
 51902 | Bazaar   | Found Weho's Food Shoppe.
 52169 | Depths:2 | Found a one-way gate leading to the halls of Pandemonium.
 52277 | Depths:2 | Killed Asterion
 52599 | Depths:2 | Reached skill level 10 in Invocations
 52656 | Depths:2 | Found Tuyk's Assorted Antiques.
 52726 | Depths:2 | Reached XP level 23. HP: 157/157 MP: 32/32
 53496 | Vaults:1 | Entered Level 1 of the Vaults
 56113 | Vaults:2 | Received a gift from Sif Muna
 56182 | Vaults:2 | Learned a level 8 spell: Controlled Blink
 56296 | Vaults:2 | Reached skill level 15 in Fighting
 56511 | Vaults:2 | Found a staircase to the Crypt.
 56511 | Vaults:2 | Found an ancient bone altar of Kikubaaqudgha.
 56512 | Vaults:2 | Found a basalt altar of Yredelemnul.
 57431 | Vaults:3 | Found Ynibbiel's Antique Weapon Boutique.
 57559 | Vaults:3 | Got a twisted helmet
 57570 | Vaults:3 | Identified the +0 helmet "Minus" {rC- Str+8 Dex+4} (You
                  | found it on level 3 of the Vaults)
 58092 | Vaults:3 | Identified Sif Muna's Almanac of the Arsonist and Summoning
                  | (Sif Muna gifted it to you on level 3 of the Vaults)
 58092 | Vaults:3 | Received a gift from Sif Muna
 58146 | Vaults:3 | Reached skill level 23 in Translocations
 58274 | Vaults:3 | Reached XP level 24. HP: 168/169 MP: 32/32
 59391 | Vaults:4 | Reached skill level 24 in Translocations
 59454 | Vaults:4 | Received a gift from Sif Muna
 59592 | Vaults:4 | Found Okammun's Weapon Emporium.
 59601 | Vaults:4 | Bought 22 sling bullets for 220 gold pieces
 59601 | Vaults:4 | Bought 23 stones for 46 gold pieces
 59654 | Vaults:4 | Reached skill level 1 in Air Magic
 59654 | Vaults:4 | Reached skill level 1 in Earth Magic
 59806 | Vaults:4 | Reached skill level 1 in Transmutations
 59967 | Vaults:4 | Found Katumagu's Gadget Boutique.
 59976 | Vaults:4 | Bought a wand of iceblast (6) for 130 gold pieces
 60531 | Vaults:5 | Entered Level 5 of the Vaults
 61171 | Vaults:5 | Reached XP level 25. HP: 105/174 MP: 16/32
 61491 | Vaults:5 | Got a silver rune of Zot
 61500 | Vaults:5 | Got a fine iron ring
 61888 | Vaults:5 | Noticed Jory
 61928 | Vaults:5 | Killed Jory
 61939 | Vaults:5 | Identified Sif Muna's Papyrus of the Wolf (Sif Muna gifted
                  | it to you on level 5 of the Vaults)
 61939 | Vaults:5 | Received a gift from Sif Muna
 63102 | Vaults:5 | Reached skill level 25 in Translocations
 63148 | Vaults:5 | Identified the ring of Fedhas's Scorn {-Tele Str+3 Int+4
                  | SInv} (You took it off a yaktaur on level 5 of the Vaults)
 63149 | Vaults:5 | Identified the +6 scale mail of Death Resistance {rElec
                  | Int+4 Slay-6} (You took it off a death knight on level 5 of
                  | the Vaults)
 63385 | Vaults:5 | Received a gift from Sif Muna
 63921 | Vaults:5 | Got a scorched marble ring
 63922 | Vaults:5 | Identified the ring "Xuimpeus" {MR+ AC+1} (You took it off
                  | an ironheart preserver on level 5 of the Vaults)
 64545 | Vaults:5 | Noticed an ancient lich
 64591 | Vaults:5 | Killed an ancient lich
 64602 | Vaults:5 | Reached XP level 26. HP: 128/180 MP: 32/32
 65381 | D:7      | Reached skill level 26 in Translocations
 65381 | D:7      | Killed syranez's ghost
 65506 | D:12     | Bought 26 stones for 39 gold pieces
 65686 | Crypt:1  | Entered Level 1 of the Crypt
 65908 | Crypt:1  | Identified Sif Muna's Tome of the Arsonist and Hexes (Sif
                  | Muna gifted it to you on level 1 of the Crypt)
 65908 | Crypt:1  | Received a gift from Sif Muna
 65957 | Crypt:1  | Noticed Mennas
 66218 | Crypt:1  | Killed Mennas
 67153 | Depths:3 | Found a gateway to a ziggurat.
 67445 | Depths:3 | Identified Lehudib's Catalogue of Combat Magic (Sif Muna
                  | gifted it to you on level 3 of the Depths)
 67445 | Depths:3 | Received a gift from Sif Muna
 67445 | Depths:3 | Reached skill level 27 in Translocations
 67483 | Depths:3 | Paralysed by a floating eye for 3 turns
 68606 | Depths:3 | Found a one-way gate to the infinite horrors of the Abyss.
 68744 | Depths:3 | Reached XP level 27. HP: 186/186 MP: 32/32
 68905 | Depths:3 | Found Vefeapta's Distillery.
 68912 | Depths:3 | Bought a potion of curing for 66 gold pieces
 68912 | Depths:3 | Bought a potion of might for 88 gold pieces
 68912 | Depths:3 | Bought a potion of heal wounds for 110 gold pieces
 68912 | Depths:3 | Bought a potion of magic for 176 gold pieces
 69332 | Depths:4 | Reached skill level 10 in Stealth
 69361 | Depths:4 | Noticed Margery
 69917 | Depths:4 | Reached skill level 10 in Evocations
 70635 | Depths:4 | Found a runed door.
 70691 | Depths:4 | Noticed Boris
 70703 | Depths:4 | Killed Boris
 70883 | Depths:4 | Killed Margery
 72878 | Depths:4 | Identified the ring "Zuevveasm" {rC++ MP+9 Int-2 SInv
                  | Stlth+} (You found it on level 4 of the Depths)
 72996 | Depths:4 | Identified the amulet of Nyennaz {RegenMP *Corrode rPois
                  | Str+2 Int+2} (You found it on level 4 of the Depths)
 73199 | Depths:5 | Entered Level 5 of the Depths
 73311 | Depths:5 | Noticed Xtahua
 73351 | Depths:5 | Killed Xtahua
 73606 | Depths:5 | Found a gate to the Realm of Zot.
 74509 | Zot:1    | Entered Level 1 of the Realm of Zot
 74934 | Zot:5    | Entered Level 5 of the Realm of Zot
 75214 | Zot:5    | Identified the +5 scale mail of Anaesthesia {+Fly rCorr}
                  | (You found it on level 5 of the Realm of Zot)
 76215 | Zot:5    | Noticed an ancient lich
 76232 | Zot:5    | Killed an ancient lich
 76259 | Zot:5    | Noticed an orb of fire
 76271 | Zot:5    | Gained mutation: Armour fits poorly on your strangely
                  | shaped body. [an orb of fire]
 76273 | Zot:5    | Gained mutation: You are weak. (Str -2) [an orb of fire]
 76275 | Zot:5    | Killed an orb of fire
 76276 | Zot:5    | Lost mutation: You are weak. (Str -2) [potion of mutation]
 76276 | Zot:5    | Lost mutation: Armour fits poorly on your strangely shaped
                  | body. [potion of mutation]
 76276 | Zot:5    | Gained mutation: You are frail. (-10% HP) [potion of
                  | mutation]
 76408 | Zot:5    | Identified Sif Muna's Guide on Attacks (Sif Muna gifted it
                  | to you on level 5 of the Realm of Zot)
 76408 | Zot:5    | Received a gift from Sif Muna
 76705 | Zot:5    | Noticed an ancient lich
 76714 | Zot:5    | Noticed an ancient lich
 76725 | Zot:5    | Killed an ancient lich
 76862 | Zot:5    | Noticed an ancient lich
 76899 | Zot:5    | Killed from afar by an ancient lich

Vault maps used:
D:1:      noname_arrival_rooms_in_the_neighbourhood, minmay_tromino_i2
D:2:      nemelex_xobeh_ov_fountains_minmay, first_ration
D:3:      nicolae_ru_the_path_less_chosen, gup_sewer_entry_pipe,
          chequers_ecumenical_altar_lobes
D:4:      lemuel_crystal_altar, lemuel_coloured_pillars_altar, kennysheep_mini,
          serial_shops, nicolae_shop_crystal, uniq_edmund
D:5:      nicolae_qazlal_general_emergency, minmay_misc_feat_rows
D:6:      kennysheep_mini_moat, xom_confusion_cloud
D:7:      bloody_trog, kennysheep_little_box, temple_green, ebering_ghost_xom,
          uniq_pikel
D:8:      uniq_grum
D:9:      eat_drink_and_be_merry_uskayaw, serial_shops,
          nicolae_shop_temple_entry_statues_fountains
D:10:     minmay_lair_entry_grove
D:11:     zombieorc2_lemuel, serial_shops, nicolae_shop_overgrown_old_shop
D:12:     serial_shops, nicolae_shop_trees, nicolae_shop_waterfront,
          nicolae_shop_competitors_out_of_business, nicolae_shop_waterfront,
          hangedman_little_slice_of_home, nicolae_gozag_seed_capital
D:13:     cheibrodos_fzero, erik_vaults_2, evilmike_ruin_ashenzari, uniq_azrael
D:14:     muffindrake_ghost_dual_entry, skrybe_limestone_x,
          kennysheep_generic_room_4
D:15:     grunt_enter_depths_snipers, grunt_decor_arrowhead, fedhas_altar_3
Temple:   minmay_freezing_vapour_temple
Lair:1:   gammafunk_ghost_necromancy
Lair:2:   dummy_spider_entry, pond, grunt_megastairs_1
Lair:3:   beast_lair_carwin_2
Lair:4:   wad_woods_04, swamp_mist_pool, lab_entry_generic
Lair:5:   slime_altar_1
Lair:6:   grunt_lair_end_beastmaster, maelrawn_ghost_labyrinth_escape,
          disabler_island
Swamp:1:  hangedman_swamp_lotus, swamp_pool1, worms_lemuel, uniq_nikola
Swamp:2:  evilmike_swamp_ruin_house_2
Swamp:3:  evilmike_swamp_ruin_house_3, uniq_louise, uniq_jorgrun
Swamp:4:  swamp_alternative
Spider:3: uniq_arachne
Spider:4: guppyfry_spider_rune
Orc:1:    biasface_ghost_orc_armoury, uniq_erica, uniq_nergalle, uniq_gastronok
Orc:2:    st_orc_elflike, serial_shops, shop
Elf:1:    minmay_elf_arrival_plus, serial_sigils,
          serial_sigils_hangedman_quiver, serial_sigils_hangedman_quiver,
          serial_sigils_hangedman_scratch, serial_sigils_hangedman_snap,
          serial_shops, shop_statue, minivault_28, uniq_kirke
Elf:3:    minmay_elf_hall_curves
Vaults:1: vaults_standard_mumra_lines, nicolae_vaults_ring_of_whatevers,
          grunt_vaults_bifocal, vaults_mumra_hexcomb, hangedman_vaults_slither,
          v_pattern_4, nicolae_vaults_little_squares_3, vaults_dpeg_hooks,
          hangedman_vaults_restitches
Vaults:2: ontoclasm_vaults_ring_square, v_misc_12,
          nicolae_vaults_yaktaur_gun_rack, minmay_crypt_entry_necro_gods,
          grunt_vaults_hallway_short, nicolae_vaults_diagonal_hallway_7,
          vaults_room_door_hall, v_misc_8, v_misc_14, v_misc_26,
          grunt_vaults_focal
Vaults:3: grunt_vaults_diagonal, vaults_room_grid, nicolae_vaults_network_s,
          serial_ice_m, grunt_vaults_funnel, v_misc_18, hangedman_vaults_locks,
          hangedman_vaults_restitches, vaults_mumra_chevron_long,
          ontoclasm_vaults_ring_large, v_misc_28, vaults_room_pools,
          nicolae_vaults_rhombus_6, vaults_dpeg_ring, vaults_dpeg_encased_lava,
          serial_shops, shop
Vaults:4: nicolae_vaults_twisting_passages, grunt_vaults_swirl,
          dpeg_vaults_monster_box, nicolae_vaults_network_periphery,
          ontoclasm_vaults_spin, ontoclasm_vaults_gateway, v_misc_3,
          ontoclasm_vaults_idyll, nicolae_vaults_circle_grid_b, serial_shops,
          shop, nicolae_shop_crystal
Vaults:5: uniq_jory
Crypt:1:  uniq_mennas
Depths:1: hangedman_decor_diamond_cutter, pf_hell_entry_tar_spiral,
          serial_glass, glass_columns_a, glass_columns_b, glass_columns_a,
          glass_columns_a, glass_columns_a, glass_columns_a, glass_columns_a,
          glass_columns_a, glass_columns_a, glass_columns_c, glass_columns_b,
          glass_columns_b, glass_columns_c, glass_columns_b, minmay_misc_feat_x,
          minmay_gold_behind_fungi, minmay_checkered_concentric_circles
Depths:2: minmay_tri_stars, nicolae_sextant, pan_entry, serial_shops,
          bzr_entry_dummy, nicolae_shop_behind_doors, hangedman_geh_valley,
          minmay_protected_statue, uniq_asterion
Depths:3: minmay_tearing_corner, enter_ziggurat_d, pan_entry, lightli_too_deep,
          serial_shops, shop_statue, serial_bayou_ford_a, abyss_entry,
          infiniplex_staircase_squiggle
Depths:4: box_level_dp, abyss_entry, pan_entry, hell_entry, serial_shops,
          uniq_margery, uniq_boris
Depths:5: grunt_zot_entry_tricorne, lightli_enter_wizlab_magi_temple,
          abyss_entry, hell_entry, minmay_crystal_room, uniq_xtahua
Zot:1:    kennysheep_spiral_hall
Zot:3:    zot_minivault_4, grunt_megastairs_2
Zot:4:    st_single_dragon_hoard_4
Lab:      nicolae_lab_grate_2, labyrinth_skeletal_remains
Bazaar:   grunt_bazaar_doublecross
Sewer:    sewer_co_tree

Skill      XL: |  1  2  3  4  5  6  7  8  9 10 11 12 13 14 15 16 17 18 19 20 21 22 23 24 25 26 27 |
---------------+----------------------------------------------------------------------------------+-----
Slings         | 6 7 8 9 10 12 16 22 23 | 23.0
Fighting       | 2 3 8 9 10 11 12 13 15 | 15.4
Armour         | 1 2 3 4 5 7 8 10 11 12 14 15 20 | 20.0
Stealth        | 2 3 4 5 6 7 8 9 10 | 10.0
Dodging        | 3 4 6 8 10 11 12 14 15 20 | 20.0
Invocations    | 2 4 5 7 8 10 | 10.0
Spellcasting   | 1 2 3 4 6 |  6.0
Translocations | 1 7 9 12 13 14 17 20 21 22 23 24 25 27 | 27.0
Hexes          | 2 3 5 |  5.0
Evocations     | 2 3 5 6 7 8 9 10 | 10.0
Shields        | 2 6 7 8 |  8.0
Summonings     | 2 |  2.0
Charms         | 4 |  4.0
Air Magic      | 3 4 |  4.0
Earth Magic    | 3 4 |  4.0
Transmutations | 2 |  2.0

Action                   |  1- 3 |  4- 6 |  7- 9 | 10-12 | 13-15 | 16-18 | 19-21 | 22-24 | 25-27 || total
-------------------------+-------+-------+-------+-------+-------+-------+-------+-------+-------++-------
Melee: Long sword        |       |       |     2 |       |       |       |       |       |       ||     2
       Scimitar          |       |       |       |     6 |   163 |       |       |       |       ||   169
       Rapier            |       |       |       |       |       |       |    15 |       |       ||    15
       Eveningstar       |       |       |       |       |       |       |     4 |    40 |    42 ||    86
 Fire: Hunting sling     |    96 |   243 |   721 |  1048 |   252 |       |       |       |       ||  2360
       Fustibalus        |       |       |       |       |  1115 |  1689 |  1873 |  2126 |  2987 ||  9790
 Cast: Portal Projectile |       |       |       |       |     5 |    13 |     1 |     7 |    27 ||    53
       Blink             |       |       |       |       |     2 |     9 |     7 |     3 |     3 ||    24
       Disjunction       |       |       |       |       |       |       |       |     2 |       ||     2
       Controlled Blink  |       |       |       |       |       |       |       |       |     1 ||     1
Evoke: Wand              |       |       |       |       |     5 |    17 |    24 |     3 |    20 ||    69
       Sack of spiders   |       |       |       |       |     1 |     1 |       |       |     2 ||     4
       Phantom mirror    |       |       |       |       |       |       |       |     1 |       ||     1
       Box of beasts     |       |       |       |       |       |       |       |       |     2 ||     2
       Lamp of fire      |       |       |       |       |       |       |       |       |     4 ||     4
  Use: Potion            |       |     3 |     2 |     7 |     6 |     1 |     3 |     4 |    20 ||    46
       Scroll            |       |       |     8 |     7 |    15 |    13 |    20 |    10 |    23 ||    96
 Stab: Sleeping          |       |       |       |       |       |       |       |     1 |       ||     1
  Eat: Chunk             |       |     6 |     6 |    17 |    35 |    32 |    45 |    36 |    48 ||   225
       Ration            |       |       |     2 |     1 |     4 |       |       |       |       ||     7
Armor: Plate armour      |    11 |    61 |    29 |       |       |       |       |       |       ||   101
       Leather armour    |     4 |       |       |       |       |       |       |       |       ||     4
       Ring mail         |       |       |    27 |       |       |       |       |       |       ||    27
       Chain mail        |       |       |    33 |   126 |   154 |   179 |   437 |   232 |   447 ||  1608
Dodge: Dodged            |     8 |    47 |   118 |   205 |   300 |   385 |   816 |   496 |   940 ||  3315
Block: Buckler           |       |       |       |       |    64 |   137 |   345 |   248 |   586 ||  1380
       Rpst.: Scimitar   |       |       |       |       |     3 |       |       |       |       ||     3

Table legend:
 A = Non-vault XP
 B = Vault XP
 C = Vault XP percentage of total XP
 D = Non-vault monster count
 E = Vault monster count
 F = Vault count percentage of total count
                 A         B        C        D         E       F
            +---------+---------+-------+---------+---------+-------
      Total |  695744 |  668344 |  49.0 |    1510 |     749 |  33.2
            +---------+---------+-------+---------+---------+-------
        D:1 |      48 |       1 |   2.0 |      27 |       1 |   3.6
        D:2 |     116 |       0 |   0.0 |      24 |       0 |   0.0
        D:3 |     116 |      16 |  12.1 |      20 |       6 |  23.1
        D:4 |     565 |     169 |  23.0 |      19 |       1 |   5.0
        D:5 |     885 |       0 |   0.0 |      21 |       0 |   0.0
        D:6 |     184 |      61 |  24.9 |      12 |       4 |  25.0
        D:7 |    1165 |    1631 |  58.3 |      22 |       3 |  12.0
        D:8 |    1083 |     653 |  37.6 |      28 |       5 |  15.2
        D:9 |    3002 |     107 |   3.4 |      29 |       1 |   3.3
       D:10 |    1939 |    1991 |  50.7 |      13 |      11 |  45.8
       D:11 |    2651 |     910 |  25.6 |      29 |      36 |  55.4
       D:12 |    7170 |    1769 |  19.8 |      41 |      12 |  22.6
       D:13 |    7827 |   16492 |  67.8 |      21 |      28 |  57.1
       D:14 |   14138 |     205 |   1.4 |      35 |       1 |   2.8
       D:15 |   11956 |    3332 |  21.8 |      40 |       3 |   7.0
     Lair:1 |    1462 |       0 |   0.0 |      10 |       0 |   0.0
     Lair:2 |   12687 |    1008 |   7.4 |      41 |       6 |  12.8
     Lair:3 |    3733 |     466 |  11.1 |      15 |       4 |  21.1
     Lair:4 |    6595 |     582 |   8.1 |      17 |       2 |  10.5
     Lair:5 |    7962 |    1978 |  19.9 |      21 |       4 |  16.0
     Lair:6 |    6983 |    9536 |  57.7 |      22 |      21 |  48.8
    Swamp:1 |   16606 |    9073 |  35.3 |      38 |      20 |  34.5
    Swamp:2 |    4025 |       0 |   0.0 |      10 |       0 |   0.0
    Swamp:3 |   12377 |    4681 |  27.4 |      39 |       2 |   4.9
    Swamp:4 |   16440 |   17463 |  51.5 |      52 |      25 |  32.5
   Spider:1 |   12890 |       0 |   0.0 |      34 |       0 |   0.0
   Spider:2 |   23223 |       0 |   0.0 |      61 |       0 |   0.0
   Spider:3 |   15922 |    3861 |  19.5 |      35 |       1 |   2.8
   Spider:4 |   11574 |   24623 |  68.0 |      28 |      39 |  58.2
    Slime:1 |    3728 |       0 |   0.0 |      13 |       0 |   0.0
      Orc:1 |    1664 |    8520 |  83.7 |      17 |      18 |  51.4
      Orc:2 |    4884 |   10141 |  67.5 |      42 |      28 |  40.0
      Elf:1 |   12190 |   11055 |  47.6 |      22 |      16 |  42.1
      Elf:2 |   31759 |   21931 |  40.8 |      45 |      28 |  38.4
      Elf:3 |   25758 |   43837 |  63.0 |      45 |      32 |  41.6
   Vaults:1 |   13887 |   12139 |  46.6 |      29 |      20 |  40.8
   Vaults:2 |   36296 |    5996 |  14.2 |      51 |      22 |  30.1
   Vaults:3 |   28740 |   13909 |  32.6 |      53 |      26 |  32.9
   Vaults:4 |   27807 |   33487 |  54.6 |      40 |      33 |  45.2
   Vaults:5 |   40495 |  123221 |  75.3 |      55 |      88 |  61.5
    Crypt:1 |   27231 |    8226 |  23.2 |      39 |       1 |   2.5
   Depths:1 |   52484 |    6329 |  10.8 |      64 |       4 |   5.9
   Depths:2 |   39572 |   20898 |  34.6 |      53 |      22 |  29.3
   Depths:3 |   37586 |   54204 |  59.1 |      44 |      28 |  38.9
   Depths:4 |   36829 |   91300 |  71.3 |      51 |      77 |  60.2
   Depths:5 |   14840 |   27255 |  64.7 |      12 |      16 |  57.1
      Zot:1 |   10346 |       0 |   0.0 |       7 |       0 |   0.0
      Zot:2 |    2951 |       0 |   0.0 |       2 |       0 |   0.0
      Zot:3 |    2846 |    7268 |  71.9 |       1 |       4 |  80.0
      Zot:4 |     512 |       0 |   0.0 |       1 |       0 |   0.0
      Zot:5 |   36738 |   66762 |  64.5 |      19 |      18 |  48.6
        Lab |    1277 |     726 |  36.2 |       1 |       4 |  80.0
      Sewer |       0 |     532 | 100.0 |       0 |      28 | 100.0
            +---------+---------+-------+---------+---------+-------
